 Dungeon Crawl Stone Soup version 0.25-a0-290-g4a1327ee3a (webtiles) character file.

Game seed: 13314975372320688424, levelgen mode: deterministic

1281 floatRand the Shield-Bearer (level 8, -2/67 HPs)
             Began as a Gnoll Fighter on Dec 14, 2019.
             Was an Initiate of Cheibriados.
             Slain by an orc
             ... wielding a +0 dagger of electrocution
              (19 damage)
             ... on level 7 of the Dungeon.
             The game lasted 00:07:01 (6097 turns).

floatRand the Shield-Bearer (Gnoll Fighter)         Turns: 6097, Time: 00:07:01

Health: -2/67      AC: 10    Str: 20    XL:     8   Next: 54%
Magic:  12/12      EV: 11    Int: 12    God:    Cheibriados [......]
Gold:   291        SH: 11    Dex: 17    Spells: 13/13 levels left

rFire    . . .     SeeInvis .   y - +3 whip (pain)
rCold    + . .     Gourm    .   c - +0 shield
rNeg     . . .     Faith    .   o - +0 ring mail (curse)
rPois    .         Spirit   .   g - +2 hat
rElec    .         Reflect  .   (no cloak)
rCorr    .         Harm     .   m - +0 pair of gloves
MR       .....                  (no boots)
Stlth    +++.......             (no amulet)
HPRegen  0.21/turn              e - ring of stealth
MPRegen  0.13/turn              h - ring of protection from cold

@: very slow
A: distributed training, fangs 1, strong nose
a: Bend Time, Renounce Religion


You were on level 7 of the Dungeon.
You worshipped Cheibriados.
Cheibriados was noncommittal.
You were very hungry.

You visited 2 branches of the dungeon, and saw 8 of its levels.

You collected 291 gold pieces.

Inventory:

Hand Weapons
 a - a +0 long sword
 i - a +3 spear
 y - a +3 whip of pain (weapon)
Armour
 b - a +0 scale mail
 c - a +0 shield (worn)
 g - a +2 hat (worn)
 l - a +0 leather armour
 m - a +0 pair of gloves (worn)
 o - a cursed +0 ring mail (worn)
Jewellery
 e - a ring of stealth (left hand)
 h - a ring of protection from cold (right hand)
 A - a cursed ring of attention {unknown}
Wands
 u - a wand of polymorph (8)
 x - a wand of iceblast (6)
 E - a wand of flame (21)
 G - a wand of digging (9)
Scrolls
 n - 2 scrolls of enchant armour
 q - 5 scrolls of identify
 s - 3 scrolls of amnesia
 v - 2 scrolls of remove curse
 w - 3 scrolls of teleportation
 z - a scroll of random uselessness {unknown}
 F - a scroll of blinking
Potions
 d - 2 potions of might
 j - a potion of lignification {unknown}
 k - 3 potions of resistance
 p - a potion of heal wounds {unknown}
 r - a potion of flight {unknown}
 t - a potion of mutation {unknown}
 B - a potion of cancellation {unknown}
 C - 2 potions of invisibility {unknown}
 D - 2 potions of curing {unknown}
Comestibles
 f - 14 rations


   Skills:
 + Level 7.4 Fighting
 + Level 3.3 Short Blades
 + Level 5.7 Long Blades
 + Level 3.3 Axes
 + Level 3.3 Maces & Flails
 + Level 3.3 Polearms
 + Level 3.3 Staves
 + Level 3.3 Slings
 + Level 3.3 Bows
 + Level 3.3 Crossbows
 + Level 3.3 Throwing
 + Level 7.4 Armour
 + Level 3.3 Dodging
 + Level 3.3 Stealth
 + Level 7.4 Shields
 + Level 3.3 Unarmed Combat
 + Level 3.3 Spellcasting
 + Level 2.7 Conjurations
 + Level 2.7 Hexes
 + Level 2.7 Charms
 + Level 2.7 Summonings
 + Level 2.7 Necromancy
 + Level 2.7 Translocations
 + Level 2.7 Transmutations
 + Level 2.7 Fire Magic
 + Level 2.7 Ice Magic
 + Level 2.7 Air Magic
 + Level 2.7 Earth Magic
 + Level 2.7 Poison Magic
 + Level 3.6 Invocations
 + Level 3.3 Evocations


You had 13 spell levels left.
You didn't know any spells.
Your spell library was empty.

Dungeon Overview and Level Annotations

Branches:
Dungeon (7/15)             Temple (1/1) D:4

Altars:
Ashenzari
Cheibriados
Dithmenos
Fedhas
Gozag
Hepliaklqana
Kikubaaqudgha
Makhleb
Nemelex Xobeh
Okawaru
Qazlal
Ru
Sif Muna
Trog
Uskayaw
Vehumet
Wu Jian
Xom
Yredelemnul
Zin
The Shining One


Innate Abilities, Weirdness & Mutations

Your experience applies equally to all skills.
You have very sharp teeth.
Your uncanny sense of smell can sniff out nearby items.


Message History

The orc warrior hits you with a +0 long sword!
* * * LOW HITPOINT WARNING * * *
Unknown command.
You hit the orc warrior but do no damage.
The orc warrior writhes in agony.
The orc warrior is severely wounded.
You block the orc's attack. You block the orc warrior's attack.
Unknown command.
Your ring mail prevents you from hitting the orc warrior.
You bite the orc warrior.
The orc warrior is severely wounded.
The orc closely misses you.
Unknown command.
You hit the orc warrior.
The orc warrior writhes in agony.
The orc warrior is almost dead.
You block the orc warrior's attack.
The orc hits you with a +0 dagger of electrocution.
* * * LOW HITPOINT WARNING * * *
You are electrocuted!!
You die...

#...#
#...#
+...+ ∆ .
#...# ∆∆
.. #...#
...###
#...#
.$..##...#
#...#...#
#.?o#@..#
#..Zoo..#
#..
#...##'##
#.# #...
#.# #.#
#### #.#
#.#
#####.#
#.#
###...#.#
#.#
#.'...'.#
#.#
#.#...###


You could see an orc warrior, an orc and a bullfrog skeleton.

Vanquished Creatures
  Grinder (D:3)
  A phantom (D:7)
  A centaur (D:7)
  2 scorpions (D:4)
  3 howler monkeys (D:7)
  2 crimson imps
  A centaur zombie (D:5)
  A hound (D:5)
  2 jellies
  2 centaur skeletons
  An orc priest (D:5)
  An orc wizard (D:7)
  Natasha (thrice) (D:4)
  2 worker ant zombies (D:6)
  Robin (D:5)
  3 gnolls (D:4)
  10 adders
  2 oozes
  2 adder zombies
  2 adder skeletons
  A worm (D:2)
  3 dart slugs
  3 leopard geckos
  10 orcs
  3 ball pythons
  5 bats
  6 giant cockroaches
  17 hobgoblins
  10 jackals
  3 quokkas
  A ball python skeleton (D:5)
  5 frilled lizards
  19 goblins
  7 kobolds
  A leopard gecko zombie (D:6)
  A quokka skeleton (D:6)
  A quokka zombie (D:5)
  7 rats
146 creatures vanquished.

Notes
Turn   | Place    | Note
-------+----------+-------------------------------------------
     0 | D:1      | floatRand the Gnoll Fighter began the quest for the Orb.
     0 | D:1      | Reached XP level 1. HP: 23/23 MP: 1/1
    72 | D:1      | Reached XP level 2. HP: 29/29 MP: 2/2
   216 | D:1      | Reached XP level 3. HP: 29/35 MP: 3/3
   362 | D:1      | You fall into a shaft and drop 1 floor!
   586 | D:1      | Reached skill level 1 in Invocations
   876 | D:2      | Reached skill level 1 in Short Blades
   876 | D:2      | Reached skill level 1 in Axes
   876 | D:2      | Reached skill level 1 in Maces & Flails
   876 | D:2      | Reached skill level 1 in Polearms
   876 | D:2      | Reached skill level 1 in Staves
   876 | D:2      | Reached skill level 1 in Slings
   876 | D:2      | Reached skill level 1 in Bows
   876 | D:2      | Reached skill level 1 in Crossbows
   876 | D:2      | Reached skill level 1 in Throwing
   876 | D:2      | Reached skill level 1 in Dodging
   876 | D:2      | Reached skill level 1 in Stealth
   876 | D:2      | Reached skill level 1 in Unarmed Combat
   876 | D:2      | Reached skill level 1 in Spellcasting
   876 | D:2      | Reached skill level 1 in Evocations
   974 | D:2      | Reached XP level 4. HP: 31/41 MP: 5/5
  1194 | D:2      | Found a sacrificial altar of Ru.
  1207 | D:2      | Reached skill level 1 in Conjurations
  1207 | D:2      | Reached skill level 1 in Hexes
  1207 | D:2      | Reached skill level 1 in Charms
  1207 | D:2      | Reached skill level 1 in Summonings
  1207 | D:2      | Reached skill level 1 in Necromancy
  1207 | D:2      | Reached skill level 1 in Translocations
  1207 | D:2      | Reached skill level 1 in Transmutations
  1207 | D:2      | Reached skill level 1 in Fire Magic
  1207 | D:2      | Reached skill level 1 in Ice Magic
  1207 | D:2      | Reached skill level 1 in Air Magic
  1207 | D:2      | Reached skill level 1 in Earth Magic
  1207 | D:2      | Reached skill level 1 in Poison Magic
  1342 | D:2      | Found a hide-covered altar of Uskayaw.
  1642 | D:2      | Reached XP level 5. HP: 47/47 MP: 6/6
  1994 | D:3      | Noticed Grinder
  2004 | D:3      | Paralysed by Grinder for 2 turns
  2006 | D:3      | Killed Grinder
  2006 | D:3      | Reached skill level 5 in Long Blades
  2006 | D:3      | Reached XP level 6. HP: 41/53 MP: 6/8
  2674 | D:4      | Reached XP level 7. HP: 45/59 MP: 10/10
  2781 | D:4      | Noticed Natasha
  2793 | D:4      | Killed Natasha
  2875 | D:4      | Found a staircase to the Ecumenical Temple.
  2884 | Temple   | Entered the Ecumenical Temple
  3022 | D:5      | Entered Level 5 of the Dungeon
  3638 | D:4      | Noticed Robin
  3813 | D:5      | Killed Robin
  4086 | D:4      | Found a shadowy altar of Dithmenos.
  4262 | D:4      | Noticed Natasha
  4277 | D:4      | Killed Natasha
  4277 | D:4      | Reached XP level 8. HP: 47/67 MP: 12/12
  4533 | D:4      | Noticed Natasha
  4539 | D:4      | Killed Natasha
  5011 | D:6      | Found a blossoming altar of Fedhas.
  5462 | D:6      | Found an opulent altar of Gozag.
  5463 | D:6      | Found a glowing silver altar of Zin.
  5627 | D:7      | Noticed a gargoyle
  5969 | D:7      | Found a snail-covered altar of Cheibriados.
  5969 | D:7      | Found a faded altar of an unknown god.
  5986 | D:7      | Found a glowing golden altar of the Shining One.
  5989 | D:7      | Became a worshipper of Cheibriados the Contemplative
  5993 | D:7      | Found a sparkling altar of Nemelex Xobeh.
  5994 | D:7      | Found an ornate altar of the Wu Jian Council.
  6097 | D:7      | Slain by an orc

Levels and vault maps discovered:
D:1:      dpeg_arrival_signposts, layout_rooms
D:2:      layout_basic, nicolae_ru_great_annihilating_truth,
          eat_drink_and_be_merry_uskayaw
D:3:      layout_basic, uniq_grinder
D:4:      layout_basic, minmay_temple_entry_from_below_b, first_ration,
          kennysheep_crisscross, hangedman_decor_slide_cut, lemuel_statue_altar,
          uniq_robin, uniq_natasha
D:5:      layout_basic
D:6:      layout_loops_ring, grunt_temple_overflow_gold_and_silver,
          lemuel_doored_altar, minmay_misc_feat_columns, lemuel_old_faithful
D:7:      layout_basic, chequers_temple_overflow_minitemple, grunt_livestock,
          st_stairs_4, minivault_24
Temple:   minmay_temple_bridge_abc

Skill      XL: |  1  2  3  4  5  6  7  8 |
---------------+-------------------------+-----
Invocations    | 1 2 3 |  3.6
Short Blades   | 1 2 3 |  3.3
Axes           | 1 2 3 |  3.3
Maces & Flails | 1 2 3 |  3.3
Polearms       | 1 2 3 |  3.3
Staves         | 1 2 3 |  3.3
Slings         | 1 2 3 |  3.3
Bows           | 1 2 3 |  3.3
Crossbows      | 1 2 3 |  3.3
Throwing       | 1 2 3 |  3.3
Dodging        | 1 2 3 |  3.3
Stealth        | 1 2 3 |  3.3
Unarmed Combat | 1 2 3 |  3.3
Spellcasting   | 1 2 3 |  3.3
Evocations     | 1 2 3 |  3.3
Conjurations   | 1 2 |  2.7
Hexes          | 1 2 |  2.7
Charms         | 1 2 |  2.7
Summonings     | 1 2 |  2.7
Necromancy     | 1 2 |  2.7
Translocations | 1 2 |  2.7
Transmutations | 1 2 |  2.7
Fire Magic     | 1 2 |  2.7
Ice Magic      | 1 2 |  2.7
Air Magic      | 1 2 |  2.7
Earth Magic    | 1 2 |  2.7
Poison Magic   | 1 2 |  2.7
Long Blades    | 5 |  5.7
Fighting       | 7 |  7.4
Armour         | 7 |  7.4
Shields        | 7 |  7.4

Action                   |  1- 3 |  4- 6 |  7- 9 || total
-------------------------+-------+-------+-------++-------
Melee: Long sword        |    14 |     5 |       ||    19
       Bite              |    13 |     9 |    37 ||    59
       Hand axe          |   122 |    24 |       ||   146
       Spear             |       |   117 |    42 ||   159
       Whip              |       |       |   257 ||   257
  Use: Scroll            |     1 |     4 |     3 ||     8
       Potion            |       |     1 |       ||     1
 Stab: Sleeping          |       |     7 |     8 ||    15
       Paralysed         |       |     2 |       ||     2
  Eat: Chunk             |       |     6 |     7 ||    13
       Ration            |       |       |     1 ||     1
Armor: Scale mail        |    41 |       |       ||    41
       Leather armour    |    42 |    37 |     9 ||    88
       Ring mail         |       |       |    70 ||    70
Dodge: Dodged            |    70 |    51 |   116 ||   237
Block: Shield            |   107 |    69 |   176 ||   352

Table legend:
 A = Non-vault XP
 B = Vault XP
 C = Vault XP percentage of total XP
 D = Non-vault monster count
 E = Vault monster count
 F = Vault count percentage of total count
                 A         B        C        D         E       F
            +---------+---------+-------+---------+---------+-------
      Total |    1479 |     351 |  19.2 |     127 |      19 |  13.0
            +---------+---------+-------+---------+---------+-------
        D:1 |      53 |       0 |   0.0 |      28 |       0 |   0.0
        D:2 |     106 |       7 |   6.2 |      32 |       4 |  11.1
        D:3 |      48 |     272 |  85.0 |      13 |       1 |   7.1
        D:4 |     381 |      38 |   9.1 |      15 |       2 |  11.8
        D:5 |     338 |      34 |   9.1 |      21 |      12 |  36.4
        D:6 |      47 |       0 |   0.0 |       7 |       0 |   0.0
        D:7 |     506 |       0 |   0.0 |      11 |       0 |   0.0
            +---------+---------+-------+---------+---------+-------
